Map: Elysium

Players

couchman - Winner!

  • Race: Terran Terran
  • Spawn Location: 6:00

HORSES

  • Race: Zerg Zerg
  • Spawn Location: 11:00

BillyCoen

  • Race: Protoss Protoss
  • Spawn Location: 3:00

VOD

Have the link to the VOD?

Description

Time

  • Played on: Dec. 10, 2021, 6:08 a.m.
  • Length: 16:02
Show
View Real Time Build Order
Export as new Build Order

couchman Terran - Winner!

Build Orders: Command Center First (CC) 

Get SALT Encoding   

  12  0:01  SCV  
  13  0:16  Supply Depot  
  13  0:23  SCV  
  14  0:30  Supply Depot  
  14  0:35  SCV  
  15  0:55  SCV  
  16  1:08  SCV  
  17  1:16  Command Center  
  17  1:22  SCV  
  18  1:34  SCV  
  18  1:36  Supply Depot  
  19  1:41  Refinery  
  19  1:46  SCV  
  20  1:51  Refinery  
  20  1:58  SCV  
  21  2:10  SCV  
  22  2:22  SCV  
  23  2:27  Barracks  
  23  2:33  Barracks  
  23  2:36  SCV  
  24  2:43  SCV  
  25  2:48  SCV  
  26  2:55  SCV  
  27  3:00  SCV  
  28  3:07  SCV  
  28  3:12  SCV  
  30  3:19  Barracks Reactor  
  30  3:24  SCV  
  31  3:28  Barracks  
  31  3:30  Barracks Reactor  
  31  3:33  Barracks  
  31  3:38  SCV  
  32  3:46  SCV  
  33  3:51  SCV  
  34  3:56  Marine x2  
  34  3:58  SCV  
  37  4:03  SCV  
  37  4:08  Marine x2  
  40  4:10  SCV  
  40  4:14  Marine x2  
  40  4:15  SCV  
  44  4:22  SCV  
  45  4:25  Marine  
  45  4:26  Marine  
  45  4:27  SCV  
  48  4:31  Marine  
  48  4:32  Marine, Bunker  
  48  4:34  SCV  
  51  4:42  Barracks Reactor x2  
  51  4:43  Marine  
  52  4:49  Marine x2  
  54  4:56  Engineering Bay  
  54  5:02  Ghost Academy  
  53  5:24  Bunker  
  53  5:37  SCV  
  54  5:50  Supply Depot  
  54  5:56  Supply Depot  
  54  5:59  Terran Infantry Weapons Level 1  
  54  6:11  Marine x7, SCV  
  54  6:17  Marine  
  63  6:24  Supply Depot  
  63  6:26  Supply Depot  
  63  6:29  Marine x7  
  70  6:44  Command Center  
  70  6:46  Marine  
  71  6:47  Marine x7  
  78  6:57  Supply Depot  
  78  6:59  Supply Depot  
  78  7:04  Marine  
  78  7:05  Marine x7  
  86  7:10  Factory  
  86  7:16  Factory  
  86  7:21  Marine  
  87  7:22  Marine x7  
  94  7:39  Marine, Supply Depot  
  94  7:40  Marine x7, Supply Depot  
  102  7:53  Terran Infantry Armor Level 1  
  102  8:08  SCV  
  103  8:20  SCV  
  104  8:32  SCV  
  105  8:34  Supply Depot, Bunker  
  105  8:37  Refinery  
  105  8:39  Supply Depot  
  105  8:43  Factory Reactor  
  105  8:44  SCV  
  106  8:55  Factory Tech Lab  
  106  8:56  SCV  
  107  9:09  Command Center  
  107  9:20  Marine x6  
  107  9:21  Marine x2  
  115  9:36  Armory  
  115  9:37  Marine  
  115  9:38  Marine x7  
  119  9:42  Starport  
  123  9:47  Neosteel Armor  
  123  9:55  Marine x2  
  123  9:56  Marine x6  
  131  10:13  Marine x4  
  131  10:14  Marine x4  
  133  10:31  Marine  
  134  10:37  SCV  
  135  10:49  SCV  
  136  11:01  SCV  
  137  11:12  Bunker  
  137  11:13  SCV  
  138  11:25  SCV  
  139  11:37  SCV  
  140  11:43  Marine x3  
  140  11:44  Marine x3  
  146  11:49  SCV  
  147  12:01  Marine x4  
  147  12:02  Marine  
  147  12:03  Starport Tech Lab  
  147  12:05  Terran Infantry Weapons Level 2  
  152  12:11  Terran Vehicle Weapons Level 1  
  130  12:43  Banshee  
  133  12:48  Siege Tank  
  136  12:59  Widow Mine  
  136  13:04  Hellbat  
  140  13:20  Hellbat  
  140  13:21  Hellbat  
  140  13:25  Hellbat  
  140  13:26  Banshee  
  149  13:29  Marine  
  149  13:30  Marine x6  
  149  13:31  Marine  
  157  13:41  Hellbat  
  157  13:47  Hellbat, Marine x3  
  164  13:54  Marine  
  164  13:57  Marine  
  164  14:00  Marine  
  164  14:05  Terran Vehicle And Ship Armor Level 1  
  164  14:30  Marine  
  164  14:50  Marine  
  164  14:52  Marine  
  163  15:24  Hellbat  
Show
View Real Time Build Order
Export as new Build Order

HORSES Zerg 

Build Orders: Pool First 

Get SALT Encoding   

  12  0:11  Drone x2  
  14  0:19  Overlord  
  14  0:46  Drone x2  
  16  0:53  Overlord  
  16  1:20  Drone  
  16  1:24  Drone  
  18  1:32  Spawning Pool  
  17  1:37  Extractor  
  16  1:51  Drone  
  16  1:52  Drone  
  18  1:58  Drone  
  19  2:06  Extractor  
  18  2:26  Zergling x6  
  18  2:27  Queen  
  23  2:48  Drone  
  24  2:52  Drone  
  25  3:01  Metabolic Boost  
  25  3:19  Drone  
  26  3:20  Drone  
  26  3:26  Zergling x2  
  28  3:28  Queen  
  30  3:45  Overlord x2  
  30  3:46  Overlord  
  30  4:40  Lair  
  30  4:44  Zergling x6  
  33  5:19  Drone x3  
  36  5:37  Zergling x2  
  37  5:48  Evolution Chamber  
  36  5:51  Evolution Chamber  
  35  6:07  Drone x4  
  39  6:14  Hatchery  
  34  6:41  Extractor  
  34  6:43  Extractor  
  32  6:52  Zergling x6  
  35  6:58  Zerg Melee Weapons Level 1  
  35  6:59  Zerg Missile Weapons Level 1  
  35  7:08  Drone  
  36  7:52  Zergling x10  
  36  7:56  Drone x2, Overlord  
  43  8:34  Spire  
  43  8:35  Drone x2  
  43  8:38  Zergling x2  
  45  8:53  Zerg Ground Armor Level 1  
  45  8:55  Infestation Pit  
  44  9:00  Drone  
  44  9:01  Drone, Spire  
  45  9:35  Drone x3  
  48  10:03  Nydus Network  
  47  10:08  Drone x3  
  47  10:09  Drone x2  
  47  10:10  Mutalisk  
  47  10:14  Spine Crawler  
  53  10:15  Overlord x2  
  53  10:16  Overlord  
  53  10:22  Mutalisk  
  55  10:29  Zerg Flyer Weapons Level 1  
  55  10:30  Zerg Flyer Armor Level 1  
  55  10:31  Zerg Missile Weapons Level 2  
  55  10:45  Spine Crawler  
  55  10:47  Zerg Melee Weapons Level 2  
  55  10:49  Spine Crawler  
  53  10:53  Spine Crawler  
  52  11:07  Drone x3  
  55  11:21  Neural Parasite  
  55  11:33  Mutalisk x2  
  59  11:41  Overlord  
  59  11:45  Mutalisk  
  61  11:48  Zergling x2  
  39  12:27  Zergling x6  
  42  12:32  Zergling x10  
  45  12:40  Pathogen Glands  
  45  12:47  Zerg Ground Armor Level 2  
  45  12:59  Zergling x4  
  47  13:27  Zergling x6  
  47  13:31  Hive  
  37  14:13  Corruptor x2  
  36  14:34  Mutalisk x3  
Show
View Real Time Build Order
Export as new Build Order

BillyCoen Protoss 

Build Orders:  

Get SALT Encoding   

  12  0:13  Assimilator  
  12  0:16  Assimilator  
  12  0:23  Probe  
  13  0:35  Probe  
  14  0:47  Probe, Pylon  
  15  0:51  Pylon  
  15  1:17  Pylon  
  15  1:33  Gateway  
  15  1:35  Gateway  
  15  1:48  Pylon  
  15  1:53  Forge  
  15  1:58  Probe  
  16  2:10  Probe  
  18  2:22  Probe  
  18  2:32  Photon Cannon  
  18  2:33  Photon Cannon  
  18  2:49  Photon Cannon  
  18  3:02  Probe  
  19  3:14  Probe  
  19  3:19  Pylon  
  20  3:26  Probe  
  21  3:27  Zealot  
  21  3:28  Zealot  
  25  3:55  Zealot x2  
  29  4:22  Nexus  
  29  5:32  Cybernetics Core  
  29  5:37  Probe  
  31  5:50  Probe  
  31  6:02  Probe  
  32  6:14  Probe  
  25  6:26  Probe  
  26  6:35  Assimilator  
  26  6:38  Probe, Assimilator  
  27  6:50  Probe  
  28  6:57  Protoss Air Weapons Level 1  
  28  7:02  Stargate, Probe  
  29  7:08  Probe  
  29  7:14  Probe  
  31  7:20  Probe  
  32  7:26  Probe  
  33  8:07  Phoenix  
  35  8:28  Stargate  
  35  8:29  Stargate  
  35  8:32  Phoenix  
  35  8:34  Stargate  
  37  8:35  Stargate  
  37  8:36  Stargate  
  37  8:57  Phoenix  
  37  8:58  Protoss Ground Weapons Level 1  
  39  9:05  Protoss Air Armor Level 1  
  39  9:22  Phoenix  
  39  9:39  Phoenix x2  
  43  9:47  Phoenix  
  45  10:04  Phoenix x2  
  49  10:12  Phoenix  
  51  10:19  Zealot x2  
  55  10:31  Phoenix  
  55  10:32  Phoenix  
  53  10:37  Phoenix  
  52  10:46  Zealot x2  
  46  10:56  Phoenix  
  44  10:57  Phoenix  
  44  10:59  Warp Gate  
  35  11:14  Zealot  
  35  11:15  Pylon  
  34  11:27  Photon Cannon  
  34  11:28  Photon Cannon  
  34  11:29  Photon Cannon x2  
  34  11:32  Photon Cannon  
  34  11:33  Photon Cannon  
  34  11:35  Photon Cannon  
  34  11:36  Photon Cannon  
  34  11:37  Photon Cannon  
  24  12:00  Zealot  
Tags
 
Add a new tag
Caveats
  • Supply blocks, unpowered buildings, or Contaminate may cause inaccurate times.
  • Supply counts are checked every 10 seconds.